[Event "Argentine Youth-Junior-ch 2025"]
[Site "Mar del Plata"]
[Date "2025.04.15"]
[Round "1.1"]
[White "Abramor, Franco"]
[Black "Aguirre, Bruno"]
[Result "1-0"]
[Annotator "RC"]
[ECO "B01"]
[WhiteElo "2169"]
[BlackElo "1759"]
[PlyCount "87"]
[EventDate "2025.04.14"]
[EventType "swiss"]
[EventCountry "ARG"]
[SourceTitle "playchess.com"]
[Source "ChessBase"]
[SourceQuality "1"]
[TimeControl "3600+30"]

1. e4 d5 2. exd5 Nf6 3. Nf3 Bf5 4. d4 Qxd5 5. Nc3 Qa5 6. Bc4 e6 7. Bd2 Bb4 8. a3 Bxc3 9. Bxc3 Qb6 10. Qe2 c6 11. Ne5 Nbd7 12. Nxd7 Nxd7 13. g4 Bg6 14. h4 h5 15. Bxe6 O-O-O 16. Bxd7+ Rxd7 17. O-O-O hxg4 18. Qxg4 Bh5 19. Qxg7 Rhd8 20. Rd3 c5 21. d5 Rxd5 22. Bf6 Rxd3 23. cxd3 Re8 24. Qg5 Qc6 25. Rg1 Bg6 26. Rd1 c4 27. Qg4+ Re6 28. dxc4 Qe4 29. Rd8+ Kc7 30. Qg3+ Kb6 31. Rd6+ Rxd6 32. Qxd6+ Qc6 33. Bd4+ Ka6 34. Qxc6+ bxc6 35. Kd2 Kb7 36. Ke3 a5 37. Kf4 Kc7 38. Kg5 Kd6 39. h5 Bd3 40. Kf6 Bxc4 41. f4 c5 42. Bc3 Kd7 43. h6 Bd3 44. f5 1-0

[Event "Argentine Youth-Junior-ch 2025"]
[Site "Mar del Plata"]
[Date "2025.04.15"]
[Round "1.2"]
[White "Scarsi, Anna Laura"]
[Black "Amarilla, Abril Antonella"]
[Result "1-0"]
[Annotator "RC"]
[ECO "B31"]
[WhiteElo "2144"]
[BlackElo "1681"]
[PlyCount "40"]
[EventDate "2025.04.14"]
[EventType "swiss"]
[EventCountry "ARG"]
[SourceTitle "playchess.com"]
[Source "ChessBase"]
[SourceQuality "1"]
[TimeControl "3600+30"]

1. e4 c5 2. Nf3 Nc6 3. Bb5 g6 4. c3 Bg7 5. O-O e6 6. d4 cxd4 7. cxd4 a6 8. Ba4 b5 9. d5 Nce7 10. Bb3 e5 11. d6 Nc6 12. Qd5 Qf6 13. Bg5 Qe6 14. Qd3 Qg4 15. h3 Nb4 16. Qd2 Qxe4 17. Re1 Qf5 18. Qxb4 Bb7 19. Nbd2 Nh6 20. Bxh6 Bf8 1-0

[Event "Argentine Youth-Junior-ch 2025"]
[Site "Mar del Plata"]
[Date "2025.04.15"]
[Round "1.3"]
[White "Gimenez, Julieta"]
[Black "Izaguirre, Lucia Belen"]
[Result "1-0"]
[Annotator "NA RC"]
[ECO "C50"]
[WhiteElo "1606"]
[BlackElo "1725"]
[PlyCount "64"]
[EventDate "2025.04.14"]
[EventType "swiss"]
[EventCountry "ARG"]
[SourceTitle "playchess.com"]
[Source "ChessBase"]
[SourceQuality "1"]
[TimeControl "3600+30"]

1. e4 e5 2. Nf3 Nc6 3. Bc4 Bc5 4. d3 Nf6 5. Nc3 a6 6. Nd5 Nxd5 7. Bxd5 d6 8. Ng5 Be6 9. Bxe6 fxe6 10. Qg4 Nd4 11. Nxe6 Nxe6 12. Qxe6+ Qe7 13. Qxe7+ Kxe7 14. Bg5+ Kd7 15. Rf1 Rhf8 16. c3 Bb6 17. Rd1 Rae8 18. f3 c6 19. a3 Re6 20. Bh4 Rg6 21. g4 Rh6 22. Bg3 Rhf6 23. Ke2 g5 24. d4 exd4 25. cxd4 d5 26. e5 R6f7 27. b4 Bd8 28. Ke3 Ke6 29. Rd2 Be7 30. Rdf2 a5 31. bxa5 Bxa3 32. Ra2 Be7 1-0

[Event "Argentine Youth-Junior-ch 2025"]
[Site "Mar del Plata"]
[Date "2025.04.15"]
[Round "1.4"]
[White "Villordo, Matias"]
[Black "Rodriguez, Lautaro"]
[Result "1-0"]
[Annotator "NA RC"]
[ECO "B41"]
[WhiteElo "2055"]
[BlackElo "1750"]
[PlyCount "36"]
[EventDate "2025.04.14"]
[EventType "swiss"]
[EventCountry "ARG"]
[SourceTitle "playchess.com"]
[Source "ChessBase"]
[SourceQuality "1"]
[TimeControl "3600+30"]

1. e4 c5 2. Nf3 e6 3. d4 cxd4 4. Nxd4 a6 5. c4 Qc7 6. a3 Nf6 7. Nc3 d6 8. Be3 Nbd7 9. Be2 g6 10. O-O Bg7 11. f4 e5 12. fxe5 dxe5 13. Nc2 O-O 14. Nb4 b6 15. Ncd5 Nxd5 16. Nxd5 Qd8 17. Bg4 Nc5 18. Bxc5 bxc5 1-0

[Event "Argentine Youth-Junior-ch 2025"]
[Site "Mar del Plata"]
[Date "2025.04.15"]
[Round "1.5"]
[White "Bazan Romero, Octavio Aaron"]
[Black "Aragon, Ciro"]
[Result "1-0"]
[Annotator "RC"]
[ECO "B22"]
[WhiteElo "2292"]
[BlackElo "1653"]
[PlyCount "73"]
[EventDate "2025.04.14"]
[EventType "swiss"]
[EventCountry "ARG"]
[SourceTitle "playchess.com"]
[Source "ChessBase"]
[SourceQuality "1"]
[TimeControl "3600+30"]

1. e4 c5 2. c3 Nf6 3. e5 Nd5 4. Nf3 Nc6 5. Bc4 e6 6. d4 d6 7. O-O Nb6 8. Bb5 Qc7 9. Bf4 Be7 10. Nbd2 O-O 11. exd6 Bxd6 12. Bxd6 Qxd6 13. Ne4 Qf4 14. Nxc5 Rd8 15. Bxc6 bxc6 16. Ne5 Rd6 17. Qc1 Qh4 18. g3 Qe7 19. Ne4 Rd5 20. c4 Rxd4 21. Nxc6 Qb7 22. Nxd4 Qxe4 23. Qc3 Bb7 24. f3 Qg6 25. Rad1 h5 26. b3 h4 27. Ne2 Rc8 28. Rd4 hxg3 29. hxg3 e5 30. Rg4 Qf5 31. Qe3 g6 32. Nc3 Kg7 33. Rg5 Qd7 34. Rd1 Qh3 35. Qxe5+ f6 36. Qe7+ Kh6 37. Qxf6 1-0

[Event "Argentine Youth-Junior-ch 2025"]
[Site "Mar del Plata"]
[Date "2025.04.15"]
[Round "1.6"]
[White "Benitez, Agustina"]
[Black "Ferrin, Camila"]
[Result "1-0"]
[Annotator "NA RC"]
[ECO "D03"]
[WhiteElo "1804"]
[BlackElo "1609"]
[PlyCount "67"]
[EventDate "2025.04.14"]
[EventType "swiss"]
[EventCountry "ARG"]
[SourceTitle "playchess.com"]
[Source "ChessBase"]
[SourceQuality "1"]
[TimeControl "3600+30"]

1. d4 d5 2. Nf3 c6 3. Bg5 Bf5 4. e3 Nf6 5. c4 Nbd7 6. Qb3 b6 7. Nc3 e6 8. cxd5 exd5 9. e4 dxe4 10. Ne5 Qe7 11. Nxc6 Qd6 12. Ne5 Nxe5 13. dxe5 Qxe5 14. Bxf6 Qxf6 15. Bb5+ Bd7 16. Bxd7+ Kxd7 17. Qd5+ Bd6 18. Qb7+ Ke6 19. O-O Rhd8 20. Qxe4+ Kd7 21. Rad1 Rac8 22. Rfe1 Rc5 23. Qg4+ Qf5 24. Qa4+ b5 25. Qxa7+ Rc7 26. Rxd6+ Kxd6 27. Qd4+ Kc6 28. Qxd8 b4 29. Qa8+ Kd6 30. Qf8+ Kc6 31. Qxb4 Rb7 32. Qc4+ Kd7 33. Rd1+ Ke7 34. Qe2+ 1-0

[Event "Argentine Youth-Junior-ch 2025"]
[Site "Mar del Plata"]
[Date "2025.04.15"]
[Round "1.7"]
[White "Gil Chacon, Fernando Enrique"]
[Black "Agut Britos, Felipe"]
[Result "1-0"]
[Annotator "NA RC"]
[ECO "B23"]
[WhiteElo "2035"]
[BlackElo "1613"]
[PlyCount "37"]
[EventDate "2025.04.14"]
[EventType "swiss"]
[EventCountry "ARG"]
[SourceTitle "playchess.com"]
[Source "ChessBase"]
[SourceQuality "1"]
[TimeControl "3600+30"]

1. e4 c5 2. Nc3 d6 3. d4 cxd4 4. Qxd4 Nf6 5. b3 g6 6. Bb2 Bg7 7. O-O-O Nc6 8. Qd2 Bd7 9. f3 O-O 10. h4 h5 11. g4 hxg4 12. Nd5 Nh5 13. Ne2 Bxb2+ 14. Kxb2 gxf3 15. Qh6 fxe2 16. Bxe2 Ng3 17. h5 Ne5 18. hxg6 fxg6 19. Qh7# 1-0

[Event "Argentine Youth-Junior-ch 2025"]
[Site "Mar del Plata"]
[Date "2025.04.15"]
[Round "1.8"]
[White "Donda, Jazmin"]
[Black "Valverde, Melina"]
[Result "1-0"]
[Annotator "NA RC"]
[ECO "E06"]
[WhiteElo "1919"]
[BlackElo "1477"]
[PlyCount "85"]
[EventDate "2025.04.14"]
[EventType "swiss"]
[EventCountry "ARG"]
[SourceTitle "playchess.com"]
[Source "ChessBase"]
[SourceQuality "1"]
[TimeControl "3600+30"]

1. d4 d5 2. c4 e6 3. Nf3 Nf6 4. g3 Be7 5. Bg2 O-O 6. O-O b6 7. cxd5 exd5 8. Nc3 c6 9. Ne5 Bb7 10. Nd3 Na6 11. a3 c5 12. dxc5 bxc5 13. Nf4 Nc7 14. Qc2 Qc8 15. Qb3 c4 16. Qd1 Rd8 17. e3 Rb8 18. Bh3 Ne6 19. Nb5 Qc6 20. Nxe6 d4 21. f3 fxe6 22. Nxd4 Qb6 23. Bxe6+ Kh8 24. Bxc4 Bc5 25. Qe2 Bxd4 26. exd4 Qxd4+ 27. Be3 Qd7 28. Bxa7 Ra8 29. Rad1 Bd5 30. Bb6 Rdb8 31. Bxd5 Nxd5 32. Bf2 Qb7 33. Qe4 Nf6 34. Qxb7 Rxb7 35. Rd2 Rab8 36. b4 Ra8 37. Rd3 Rc7 38. Rfd1 Rcc8 39. Bd4 Ng8 40. Bb2 Rc2 41. R1d2 Rac8 42. Rd7 Rxd2 43. Bxg7# 1-0